 Dungeon Crawl Stone Soup version 0.30.0-10-gfe55d96785 (webtiles) character file.

Game seed: 8144118743143539766

11123 qw the Cleaver (level 11, 0/72 HPs)
             Began as a Gargoyle Cinder Acolyte on May 17, 2023.
             Was an Initiate of Ignis.
             Slain by a cane toad (10 damage)
             ... on level 1 of the Lair of Beasts.
             The game lasted 00:05:18 (10269 turns).

qw the Cleaver (Gargoyle Cinder Acolyte)           Turns: 10269, Time: 00:05:18

Health: 0/72       AC: 34    Str: 28    XL:     11   Next: 72%
Magic:  12/12      EV:  7    Int: 18    God:    Ignis [......]
Gold:   533        SH: 11    Dex:  5    Spells: 12/12 levels left

rFire   + + .        Y - +0 war axe
rCold   . . .        g - +2 buckler
rNeg    + . .        p - +0 plate armour
rPois   inf          f - +2 helmet {Int+3}
rElec   +            (no cloak)
rCorr   .            (no gloves)
SInv    .            n - +1 pair of boots
Will    .....        d - amulet of reflection Stlth
                     m - ring of protection from fire
HPRegen 0.32/turn    t - +6 ring of strength
MPRegen 0.13/turn

%: reflection
@: marked, fiery-armoured
A: sickness immunity, AC +8, negative energy resistance 1, electricity
resistance, torment resistance 1, petrification resistance
a: Renounce Religion, Rising Flame


You were on level 1 of the Lair of Beasts.
You worshipped Ignis.
Ignis was noncommittal.
You visited 2 branches of the dungeon, and saw 10 of its levels.

You collected 591 gold pieces.
You spent 58 gold pieces at shops.


Innate Abilities, Weirdness & Mutations

You are immune to sickness and miasma.
Your stone body is resilient. (AC +8)
You are immune to poison.
You resist negative energy. (rN+)
You are resistant to electric shocks. (rElec)
You are resistant to unholy torment.
You are immune to petrification.


   Skills:
 + Level 9.6 Fighting
 - Level 12.1 Axes
 - Level 3.0 Throwing
 - Level 8.1 Armour
 - Level 1.0 Dodging
 - Level 6.0 Shields
 - Level 1.0 Spellcasting
 - Level 3.0 Fire Magic


You had 12 spell levels left.
You didn't know any spells.
Your spell library contained the following spells:

 Spells                   Type           Power      Damage    Failure   Level
 Scorch                   Fire           22%        2d6       67%         2

Inventory:

Hand Weapons
 h - a -1 hand axe of flaming
 Y - a +0 war axe (weapon)
Missiles
 r - a boomerang (quivered)
Armour
 b - a +2 buckler
 f - a +2 helmet of intelligence (worn)
 g - a +2 buckler (worn)
 n - a +1 pair of boots (worn)
 p - a +0 plate armour (worn)
 s - a +0 pair of gloves
Jewellery
 d - an amulet of reflection (around neck)
 m - a ring of protection from fire (left hand)
 q - a ring of ice
 t - a +6 ring of strength (right hand)
Scrolls
 a - 2 scrolls of identify
Potions
 c - 2 potions of mutation
 e - 2 potions of haste
 i - a potion of curing
 j - 2 potions of might
 k - 2 potions of resistance
 o - a potion of cancellation

Dungeon Overview and Level Annotations

Branches:
Dungeon (9/15)             Temple (0/1) D:5            Lair (1/5) D:9
    Orc: D:9-12

Altars:
Cheibriados
Fedhas
Kikubaaqudgha
Uskayaw
Vehumet
Wu Jian
Xom
Yredelemnul
Zin

Shops:
D:6 *   D:7 [

Annotations:
D:8 1 transporter
D:9 1 runed translucent door, qw's ghost, journeyman GrCA


Message History

You kill the cane toad!
You slash the komodo dragon!
You kill the komodo dragon!
You slash the water moccasin!
The water moccasin bites you but does no damage. x2
The water moccasin is burned by your cloak of flames.
The water moccasin is almost dead.
You closely miss the water moccasin.
The water moccasin is almost dead.
The water moccasin bites you but does no damage.
The water moccasin is burned by your cloak of flames.
You kill the water moccasin!
You are too injured to fight recklessly!
You are too injured to fight recklessly!
You are too injured to fight recklessly!
You slash the cane toad!
The cane toad is lightly wounded.
You block the cane toad's attack.
You hit the cane toad.
The cane toad is moderately wounded.
You block the cane toad's attack.
You closely miss the cane toad.
The cane toad is moderately wounded.
The cane toad stings you.
You closely miss the cane toad.
The cane toad is moderately wounded.
You block the cane toad's attack.
You slash the cane toad!
The cane toad is severely wounded.
You block the cane toad's attack.
You barely miss the cane toad.
The cane toad is severely wounded.
The cane toad stings you but does no damage.
You slash the cane toad!
The cane toad is severely wounded.
You block the cane toad's attack.
You hit the cane toad.
The cane toad is almost dead.
You block the cane toad's attack. The cane toad stings you!
You die...

. #.##(...# #. #.#(..... ##.#
........ #P..##.#.... # .
###.#......# #.# #.#.....#...#
#.##.# .#....?..%.# #..#.#
........F@.##
.....##.#......%..(##
>...........#..#....#
...#...........###..## .##..
.....##.#........##..# ..#..
..#...#....#P#.#..#.#####.#..~
...........###[...>..##.....~~P
#.....P.... #.###....#......P~
........... #..###............


You could see a cane toad.

Vanquished Creatures
  A hydra (D:9)
  Pikel (D:8)
  An ugly thing (D:9)
  Joseph (D:7)
  5 cane toads
  3 rime drakes (Lair:1)
  3 komodo dragons (Lair:1)
  A troll (D:9)
  Grinder (D:6)
  A wyvern (D:8)
  A vampire (D:9)
  12 yaks (Lair:1)
  Eustachio (D:6)
  Menkaure (D:5)
  8 water moccasins
  2 sky beasts
  Duvessa (D:5)
  An ice beast (D:7)
  2 orc warriors
  A black bear (D:5)
  3 centaurs
  An ogre (D:7)
  A phantom (D:6)
  4 bullfrogs
  4 scorpions
  4 wights (D:8)
  Dowan (D:5)
  5 killer bees (D:9)
  3 howler monkeys
  An electric eel (Lair:1)
  A jelly (D:5)
  3 orc priests
  5 hounds
  2 sleepcaps (D:7)
  A gnoll bouda (D:9)
  An iguana (D:6)
  5 orc wizards
  4 gnolls
  7 adders
  3 shadow imps
  An ufetubus (D:5)
  2 worms (D:3)
  2 dart slugs (D:3)
  32 orcs
  6 bats
  11 endoplasms
  4 giant cockroaches
  11 hobgoblins
  5 jackals (D:4)
  4 quokkas
  9 ball pythons
  3 frilled lizards
  8 goblins
  4 kobolds
  7 rats
216 creatures vanquished.

Notes
Turn   | Place    | Note
-------+----------+-------------------------------------------
     0 | D:1      | qw the Gargoyle Cinder Acolyte began the quest for the Orb.
     0 | D:1      | Reached XP level 1. HP: 14/14 MP: 2/2
     0 | D:1      | 0 ||| qw: Version: 0.2-a-95-g816fdde
     0 | D:1      | 0 ||| qw: Game counter: 80
     0 | D:1      | 0 ||| qw: Always use a shield: true
     0 | D:1      | 0 ||| qw: God list: Okawaru
     0 | D:1      | 0 ||| qw: Allow faded altars: false
     0 | D:1      | 0 ||| qw: Do Orc after D:15 true
     0 | D:1      | 0 ||| qw: Do second Lair branch before Depths: true
     0 | D:1      | 0 ||| qw: Lair rune preference: random
     0 | D:1      | 0 ||| qw: Plans: Normal
     0 | D:1      | 0 ||| PLANNING D:1-11
   115 | D:1      | Reached skill level 3 in Axes
   170 | D:1      | 170 ||| Stepping ~*~*~tactically~*~*~ (stealth).
   217 | D:1      | HP: 3/14 [kobold/+0 short sword (4)]
   218 | D:1      | 218 ||| INVOKING Fiery Armour.
   220 | D:1      | Reached XP level 2. HP: 5/19 MP: 3/3
   656 | D:1      | Reached XP level 3. HP: 19/23 MP: 4/4
   961 | D:1      | 961 ||| READING 4 scrolls labelled QEIVUA JUISM.
   962 | D:1      | 962 ||| READING scroll labelled ODYSUA REUKIFA.
   963 | D:1      | 963 ||| READING scroll labelled OCAGHELAOG.
   964 | D:1      | 964 ||| DRINKING 2 orange potions.
  1006 | D:1      | 1006 ||| READING 3 scrolls of identify.
  1006 | D:1      | 1006 ||| IDENTIFYING lumpy dark potion
  1007 | D:1      | 1007 ||| DROPPING potion of lignification.
  1149 | D:2      | 1149 ||| Stepping ~*~*~tactically~*~*~ (stealth).
  1152 | D:2      | Reached skill level 4 in Axes
  1213 | D:2      | Reached XP level 4. HP: 28/28 MP: 5/5
  1462 | D:2      | 1462 ||| Stepping ~*~*~tactically~*~*~ (stealth).
  1894 | D:2      | 1894 ||| UPGRADING to +0 ring mail.
  1904 | D:2      | 1904 ||| DROPPING +0 robe.
  1905 | D:2      | 1905 ||| UPGRADING to +2 buckler.
  1910 | D:2      | 1910 ||| UPGRADING to +4 ring mail.
  1920 | D:2      | 1920 ||| DROPPING +0 ring mail.
  1921 | D:2      | 1921 ||| READING scroll labelled IWUIXO CIONIKH.
  1921 | D:2      | Identified a scroll of acquirement
  1921 | D:2      | 1921 ||| ACQUIRING amulet of guardian spirit
  1921 | D:2      | Acquired an amulet of guardian spirit
  1923 | D:2      | 1923 ||| UPGRADING to amulet of guardian spirit.
  1928 | D:2      | 1928 ||| READING scroll labelled ROMMEK NYTAMO.
  1929 | D:2      | 1929 ||| DRINKING 3 fizzy green potions.
  1930 | D:2      | 1930 ||| READING 3 scrolls of identify.
  1930 | D:2      | 1930 ||| IDENTIFYING yellow potion
  2023 | D:3      | Reached skill level 1 in Shields
  2117 | D:3      | 2117 ||| Stepping ~*~*~tactically~*~*~ (stealth).
  2140 | D:3      | Reached skill level 1 in Armour
  2223 | D:3      | 2223 ||| Stepping ~*~*~tactically~*~*~ (stealth).
  2225 | D:3      | 2225 ||| Stepping ~*~*~tactically~*~*~ (stealth).
  2227 | D:3      | 2227 ||| Stepping ~*~*~tactically~*~*~ (stealth).
  2229 | D:3      | 2229 ||| Stepping ~*~*~tactically~*~*~ (stealth).
  2231 | D:3      | 2231 ||| Stepping ~*~*~tactically~*~*~ (stealth).
  2233 | D:3      | 2233 ||| Stepping ~*~*~tactically~*~*~ (stealth).
  2235 | D:3      | 2235 ||| Stepping ~*~*~tactically~*~*~ (stealth).
  2347 | D:3      | 2347 ||| Stepping ~*~*~tactically~*~*~ (hiding).
  2399 | D:3      | Reached XP level 5. HP: 32/32 MP: 6/6
  2429 | D:3      | 2429 ||| Stepping ~*~*~tactically~*~*~ (stealth).
  2670 | D:3      | 2670 ||| UPGRADING to +0 helmet.
  2675 | D:3      | 2675 ||| UPGRADING to +0 chain mail.
  2685 | D:3      | 2685 ||| DROPPING +4 ring mail.
  2686 | D:3      | 2686 ||| UPGRADING to +0 plate armour.
  2696 | D:3      | 2696 ||| DROPPING +0 chain mail.
  2697 | D:3      | 2697 ||| UPGRADING to ring of protection from fire.
  2698 | D:3      | 2698 ||| READING 2 scrolls labelled OBLIQU BUBE.
  2699 | D:3      | 2699 ||| READING 2 scrolls labelled PAEVAXEECI.
  2700 | D:3      | 2700 ||| READING 2 scrolls labelled TIERRU XATO.
  2701 | D:3      | 2701 ||| DRINKING 2 amethyst potions.
  2702 | D:3      | 2702 ||| READING 4 scrolls of identify.
  2702 | D:3      | 2702 ||| IDENTIFYING green potion
  2703 | D:3      | 2703 ||| DROPPING scroll of magic mapping.
  2704 | D:3      | 2704 ||| DROPPING scroll of blinking.
  2705 | D:3      | 2705 ||| DROPPING potion of magic.
  2706 | D:3      | 2706 ||| DROPPING scroll of noise.
  2756 | D:4      | 2756 ||| INVOKING Fiery Armour.
  2762 | D:4      | Reached XP level 6. HP: 16/37 MP: 3/7
  2861 | D:4      | 2861 ||| Stepping ~*~*~tactically~*~*~ (stealth).
  2864 | D:4      | 2864 ||| INVOKING Fiery Armour.
  2867 | D:4      | Reached skill level 5 in Axes
  2872 | D:4      | Reached skill level 3 in Armour
  3274 | D:4      | Identified the +9 mace "Risyxzuidgh" {flame, Int+3}
  3892 | D:4      | 3892 ||| SWAPPING to +0 war axe.
  3893 | D:4      | 3893 ||| DROPPING +2 hat.
  3894 | D:4      | 3894 ||| READING scroll labelled FENIAGUTING.
  3965 | D:5      | Entered Level 5 of the Dungeon
  3992 | D:5      | Noticed an orc warrior
  3993 | D:5      | 3993 ||| Stepping ~*~*~tactically~*~*~ (hiding).
  4005 | D:5      | Killed an orc warrior
  4103 | D:5      | 4103 ||| DRINKING 3 potions of curing.
  4103 | D:5      | 4103 ||| (to cure confusion)
  4124 | D:5      | 4124 ||| DRINKING 2 potions of curing.
  4124 | D:5      | 4124 ||| (to cure confusion)
  4135 | D:5      | Reached XP level 7. HP: 44/44 MP: 6/8
  4164 | D:5      | 4164 ||| Stepping ~*~*~tactically~*~*~ (stealth).
  4169 | D:5      | Noticed Menkaure
  4170 | D:5      | 4170 ||| INVOKING Fiery Armour.
  4175 | D:5      | Reached skill level 6 in Axes
  4178 | D:5      | Killed Menkaure
  4179 | D:5      | Reached skill level 3 in Shields
  4248 | D:5      | 4248 ||| Stepping ~*~*~tactically~*~*~ (stealth).
  4250 | D:5      | 4250 ||| Stepping ~*~*~tactically~*~*~ (stealth).
  4251 | D:5      | 4251 ||| Stepping ~*~*~tactically~*~*~ (stealth).
  4267 | D:5      | 4267 ||| Stepping ~*~*~tactically~*~*~ (hiding).
  4368 | D:5      | Found a staircase to the Ecumenical Temple.
  4399 | D:5      | Reached XP level 8. HP: 48/48 MP: 9/9
  4742 | D:5      | Found a snail-covered altar of Cheibriados.
  4742 | D:5      | Noticed Duvessa
  4744 | D:5      | 4744 ||| Stepping ~*~*~tactically~*~*~ (stealth).
  4770 | D:5      | Killed Duvessa
  4773 | D:5      | Noticed Dowan
  4774 | D:5      | 4774 ||| Stepping ~*~*~tactically~*~*~ (stealth).
  4775 | D:5      | 4775 ||| Stepping ~*~*~tactically~*~*~ (stealth).
  4776 | D:5      | 4776 ||| Stepping ~*~*~tactically~*~*~ (stealth).
  4777 | D:5      | 4777 ||| Stepping ~*~*~tactically~*~*~ (stealth).
  4784 | D:5      | 4784 ||| Stepping ~*~*~tactically~*~*~ (stealth).
  4785 | D:5      | 4785 ||| Stepping ~*~*~tactically~*~*~ (stealth).
  4788 | D:5      | 4788 ||| Stepping ~*~*~tactically~*~*~ (stealth).
  4793 | D:5      | HP: 10/48 [Dowan/stone arrow (7)]
  4794 | D:5      | 4794 ||| DRINKING 2 potions of heal wounds.
  4797 | D:5      | Killed Dowan
  4798 | D:5      | Reached skill level 7 in Axes
  4994 | D:5      | 4994 ||| DROPPING amulet of magic regeneration.
  4995 | D:5      | 4995 ||| DRINKING 2 smoky purple potions.
  4996 | D:5      | 4996 ||| READING 3 scrolls of identify.
  4996 | D:5      | 4996 ||| IDENTIFYING purple potion
  4997 | D:5      | 4997 ||| READING 2 scrolls of identify.
  4997 | D:5      | 4997 ||| IDENTIFYING bubbling cyan potion
  4998 | D:5      | 4998 ||| DROPPING potion of ambrosia.
  5021 | D:6      | Found an ancient bone altar of Kikubaaqudgha.
  5206 | D:6      | Found Fiwn's CLEARANCE SALE!.
  5207 | D:6      | Noticed Grinder
  5208 | D:6      | 5208 ||| Stepping ~*~*~tactically~*~*~ (hiding).
  5209 | D:6      | 5209 ||| Stepping ~*~*~tactically~*~*~ (hiding).
  5210 | D:6      | 5210 ||| Stepping ~*~*~tactically~*~*~ (hiding).
  5212 | D:6      | 5212 ||| Stepping ~*~*~tactically~*~*~ (hiding).
  5219 | D:6      | Noticed Eustachio
  5220 | D:6      | 5220 ||| INVOKING Fiery Armour.
  5229 | D:6      | HP: 11/49 [Grinder/nerve-wracking pain (5)]
  5230 | D:6      | 5230 ||| DRINKING 2 potions of heal wounds.
  5234 | D:6      | Killed Eustachio
  5235 | D:6      | Reached skill level 8 in Axes
  5236 | D:6      | Killed Grinder
  5237 | D:6      | Reached skill level 6 in Fighting
  5237 | D:6      | Reached XP level 9. HP: 38/55 MP: 2/10
  5566 | D:6      | Found a basalt altar of Yredelemnul.
  5567 | D:6      | Found a blossoming altar of Fedhas.
  5670 | D:6      | 5670 ||| READING scroll labelled WAREIM AFE GIMU.
  5671 | D:6      | 5671 ||| READING scroll labelled KEFRIF VACLOBO.
  5672 | D:6      | 5672 ||| DRINKING 2 ruby potions.
  5673 | D:6      | 5673 ||| READING 4 scrolls of identify.
  5673 | D:6      | 5673 ||| IDENTIFYING bubbling amethyst potion
  5674 | D:6      | 5674 ||| READING 3 scrolls of identify.
  5674 | D:6      | 5674 ||| IDENTIFYING sedimented blue potion
  5675 | D:6      | 5675 ||| DROPPING potion of degeneration.
  5676 | D:6      | 5676 ||| DROPPING potion of brilliance.
  5677 | D:6      | 5677 ||| DROPPING potion of berserk rage.
  5788 | D:7      | 5788 ||| Stepping ~*~*~tactically~*~*~ (hiding).
  5789 | D:7      | 5789 ||| Stepping ~*~*~tactically~*~*~ (hiding).
  5796 | D:7      | 5796 ||| INVOKING Fiery Armour.
  5803 | D:7      | Noticed Joseph
  5815 | D:7      | HP: 13/55 [orc priest/divine providence (9)]
  5816 | D:7      | 5816 ||| DRINKING potion of heal wounds.
  5821 | D:7      | Paralysed by Joseph for 4 turns
  5826 | D:7      | Killed Joseph
  5827 | D:7      | Reached skill level 9 in Axes
  5937 | D:7      | 5937 ||| Stepping ~*~*~tactically~*~*~ (stealth).
  6007 | D:7      | Found Xafutuaf's Armour Shoppe.
  6015 | D:7      | 6015 ||| BUYING +0 pair of boots (58 gold).
  6015 | D:7      | Bought a +0 pair of boots for 58 gold pieces
  6353 | D:7      | Found an ornate altar of the Wu Jian Council.
  6549 | D:7      | Reached skill level 1 in Throwing
  6618 | D:7      | 6618 ||| Stepping ~*~*~tactically~*~*~ (stealth).
  6620 | D:7      | 6620 ||| Stepping ~*~*~tactically~*~*~ (stealth).
  6622 | D:7      | 6622 ||| Stepping ~*~*~tactically~*~*~ (stealth).
  6624 | D:7      | 6624 ||| Stepping ~*~*~tactically~*~*~ (stealth).
  6692 | D:7      | 6692 ||| UPGRADING to +0 pair of boots.
  6697 | D:7      | 6697 ||| READING 2 scrolls of identify.
  6697 | D:7      | 6697 ||| IDENTIFYING smoky red potion
  6698 | D:7      | 6698 ||| DROPPING potion of attraction.
  6709 | D:8      | Noticed Pikel
  6723 | D:8      | Killed Pikel
  6724 | D:8      | Reached XP level 10. HP: 60/61 MP: 11/11
  6773 | D:8      | Noticed an angel
  6774 | D:8      | Found a glowing silver altar of Zin.
  7031 | D:8      | 7031 ||| Stepping ~*~*~tactically~*~*~ (stealth).
  7033 | D:8      | 7033 ||| Stepping ~*~*~tactically~*~*~ (hiding).
  7045 | D:8      | 7045 ||| DRINKING 4 potions of curing.
  7045 | D:8      | 7045 ||| (to cure confusion)
  7167 | D:8      | 7167 ||| Stepping ~*~*~tactically~*~*~ (hiding).
  7236 | D:8      | 7236 ||| Stepping ~*~*~tactically~*~*~ (stealth).
  7242 | D:8      | 7242 ||| Stepping ~*~*~tactically~*~*~ (hiding).
  7257 | D:8      | Found a shimmering altar of Xom.
  7369 | D:8      | Found a transporter.
  7664 | D:8      | Reached skill level 10 in Axes
  7735 | D:8      | 7735 ||| UPGRADING to +2 helmet of intelligence.
  7745 | D:8      | 7745 ||| DROPPING +0 helmet.
  7746 | D:8      | 7746 ||| DROPPING ring of flight.
  7784 | D:9      | 7784 ||| INVOKING Fiery Armour.
  7967 | D:9      | Noticed a white ugly thing
  7974 | D:9      | Noticed a six-headed hydra
  7975 | D:9      | 7975 ||| Stepping ~*~*~tactically~*~*~ (stealth).
  7977 | D:9      | 7977 ||| Stepping ~*~*~tactically~*~*~ (stealth).
  7979 | D:9      | HP: 9/63 [white ugly thing (27)]
  7980 | D:9      | 7980 ||| DRINKING potion of heal wounds.
  7984 | D:9      | 7984 ||| INVOKING Fiery Armour.
  7993 | D:9      | HP: 13/63 [white ugly thing (22)]
  7996 | D:9      | Killed a white ugly thing
  7997 | D:9      | 7997 ||| SWAPPING to -1 hand axe of flaming.
  7999 | D:9      | HP: 14/64 [five-headed hydra (1)]
  8002 | D:9      | Killed a two-headed hydra
  8003 | D:9      | Reached skill level 6 in Shields
  8003 | D:9      | 8003 ||| SWAPPING to +0 war axe.
  8242 | D:9      | Found a hide-covered altar of Uskayaw.
  8345 | D:9      | 8345 ||| DRINKING 3 potions of curing.
  8345 | D:9      | 8345 ||| (to cure confusion)
  8349 | D:9      | 8349 ||| DRINKING 2 potions of curing.
  8349 | D:9      | 8349 ||| (to cure confusion)
  8439 | D:9      | Found a radiant altar of Vehumet.
  8506 | D:9      | Found a runed translucent door.
  8518 | D:9      | Noticed qw's ghost (journeyman GrCA)
  8595 | D:9      | 8595 ||| Stepping ~*~*~tactically~*~*~ (stealth).
  8597 | D:9      | 8597 ||| Stepping ~*~*~tactically~*~*~ (hiding).
  8598 | D:9      | 8598 ||| Stepping ~*~*~tactically~*~*~ (hiding).
  8703 | D:9      | Found a staircase to the Lair.
  8887 | D:9      | Reached skill level 3 in Throwing
  9093 | D:9      | 9093 ||| PLANNING LAIR
  9093 | D:9      | 9093 ||| UPGRADING to amulet of reflection.
  9103 | D:9      | 9103 ||| DROPPING amulet of guardian spirit.
  9104 | D:9      | 9104 ||| UPGRADING to +6 ring of strength.
  9105 | D:9      | 9105 ||| READING scroll labelled ZOACUE NIQUMM.
  9106 | D:9      | 9106 ||| DRINKING 2 fuming orange potions.
  9170 | Lair:1   | Entered Level 1 of the Lair of Beasts
  9170 | Lair:1   | Noticed a cane toad
  9178 | Lair:1   | 9178 ||| STAIRDANCE
  9195 | D:9      | Reached skill level 1 in Dodging
  9202 | D:9      | 9202 ||| INVOKING Fiery Armour.
  9203 | D:9      | Killed a cane toad
  9449 | Lair:1   | Noticed a cane toad
  9450 | Lair:1   | 9450 ||| Stepping ~*~*~tactically~*~*~ (stealth).
  9468 | Lair:1   | Killed a cane toad
  9469 | Lair:1   | Reached skill level 11 in Axes
  9469 | Lair:1   | Reached XP level 11. HP: 63/68 MP: 12/12
  9489 | Lair:1   | 9489 ||| INVOKING Fiery Armour.
  9500 | Lair:1   | HP: 17/69 [yak (5)]
  9501 | Lair:1   | Reached skill level 9 in Fighting
  9551 | Lair:1   | 9551 ||| Stepping ~*~*~tactically~*~*~ (stealth).
  9817 | Lair:1   | 9817 ||| INVOKING Fiery Armour.
  9989 | Lair:1   | 9989 ||| INVOKING Fiery Armour.
 10186 | Lair:1   | 10186 ||| Stepping ~*~*~tactically~*~*~ (stealth).
 10187 | Lair:1   | 10187 ||| Stepping ~*~*~tactically~*~*~ (stealth).
 10188 | Lair:1   | 10188 ||| Stepping ~*~*~tactically~*~*~ (stealth).
 10189 | Lair:1   | 10189 ||| Stepping ~*~*~tactically~*~*~ (stealth).
 10197 | Lair:1   | 10197 ||| READING scroll of enchant armour.
 10197 | Lair:1   | 10197 ||| ENCHANTING +0 pair of boots.
 10199 | Lair:1   | 10199 ||| Stepping ~*~*~tactically~*~*~ (stealth).
 10237 | Lair:1   | 10237 ||| INVOKING Fiery Armour.
 10250 | Lair:1   | HP: 17/71 [cane toad (17)]
 10252 | Lair:1   | Reached skill level 12 in Axes
 10256 | Lair:1   | HP: 12/71 [water moccasin (7)]
 10264 | Lair:1   | HP: 9/72 [cane toad (6)]
 10269 | Lair:1   | Slain by a cane toad

Levels and vault maps discovered:
D:1:      dpeg_arrival_lava_temple_mockup, layout_basic
D:2:      layout_basic, st_stairs_9
D:3:      layout_rooms, minmay_misc_feat_alley, mrwooster_statue_mirror,
          minmay_increasing_density
D:4:      layout_basic
D:5:      layout_basic, mainiacjoe_overflow_six_doors_small,
          minmay_temple_entry_slanted, uniq_duvessa, uniq_menkaure
D:6:      layout_cave_pools, overflow_temple_1_default,
          nicolae_overflow_squiral, nicolae_shop_clearance, uniq_grinder,
          uniq_eustachio
D:7:      layout_basic, nzn_wu_jian_council_hall, serial_shops,
          nicolae_shop_scrapyard, corexii_corridor_pit, grunt_ogre_cave,
          uniq_joseph
D:8:      layout_basic, zin_angel, tgw_xom, minmay_misc_feat_cross,
          nicolae_diode_basic, uniq_pikel
D:9:      layout_roguey, overflow_temple_1_default, marbit_many_paths,
          lair_entry_dummy, ebering_ghost_reflecting_pool, minivault_20
Lair:1:   layout_misc_corridors, serial_bayou, serial_bayou_lagoon_b,
          serial_bayou_lake_a, serial_bayou_pond_b, serial_bayou_pond_e,
          small_statue_intersection

Skill      XL: |  1  2  3  4  5  6  7  8  9 10 11 |
---------------+----------------------------------+-----
Axes           | 3 4 5 6 8 9 11 12 | 12.1
Shields        | 1 2 3 4 6 |  6.0
Armour         | 1 2 3 4 7 8 |  8.1
Fighting       | 4 6 8 9 |  9.6
Throwing       | 2 3 |  3.0
Dodging        | 1 |  1.0
Spellcasting   | |  1.0
Fire Magic     | |  3.0

Action                     |  1- 3 |  4- 6 |  7- 9 | 10-12 || total
---------------------------+-------+-------+-------+-------++-------
  Melee: Hand axe          |    90 |   195 |       |     5 ||   290
         War axe           |       |    26 |   214 |   425 ||   665
  Throw: Boomerang         |       |    20 |     8 |    21 ||    49
         Javelin           |       |       |     8 |    25 ||    33
 Invoke: Fiery Armour      |     1 |     2 |     3 |     7 ||    13
    Use: Scroll            |     4 |     8 |     7 |     2 ||    21
         Potion            |     1 |     4 |     5 |     5 ||    15
 Armour: Robe              |    36 |    16 |       |       ||    52
         Ring mail         |       |    26 |       |       ||    26
         Plate armour      |       |    89 |   168 |   403 ||   660
  Dodge: Dodged            |    63 |    85 |    58 |   146 ||   352
  Block: Buckler           |       |    34 |    46 |   185 ||   265
         Reflection        |       |       |       |     4 ||     4

Table legend:
 A = Non-vault XP
 B = Vault XP
 C = Vault XP percentage of total XP
 D = Non-vault monster count
 E = Vault monster count
 F = Vault count percentage of total count
                 A         B        C        D         E       F
            +---------+---------+-------+---------+---------+-------
      Total |   11170 |    4720 |  29.7 |     189 |      27 |  12.5
            +---------+---------+-------+---------+---------+-------
        D:1 |      35 |       0 |   0.0 |      22 |       0 |   0.0
        D:2 |      53 |      16 |  23.2 |      18 |       3 |  14.3
        D:3 |      72 |      13 |  15.3 |      18 |       4 |  18.2
        D:4 |     249 |       0 |   0.0 |      25 |       0 |   0.0
        D:5 |     705 |     370 |  34.4 |      21 |       3 |  12.5
        D:6 |     563 |     434 |  43.5 |       7 |       2 |  22.2
        D:7 |     979 |     588 |  37.5 |      18 |       2 |  10.0
        D:8 |     962 |     719 |  42.8 |      18 |       6 |  25.0
        D:9 |    1469 |    1984 |  57.5 |      18 |       5 |  21.7
     Lair:1 |    6083 |     596 |   8.9 |      24 |       2 |   7.7
            +---------+---------+-------+---------+---------+-------
